 Dungeon Crawl Stone Soup version 0.29.1-4-g47bece8355 (webtiles) character file.

Game seed: 14699571523502400305

53 DildoBatman the Conjurer (level 4, 0/32 HPs)
             Began as a Formicid Conjurer on Dec 9, 2022.
             Slain by a gnoll
             ... wielding a +0 spear
              (5 damage)
             ... on level 2 of the Dungeon.
             The game lasted 00:02:27 (890 turns).

DildoBatman the Conjurer (Formicid Conjurer)         Turns: 890, Time: 00:02:27

Health: 0/32       AC:  2    Str: 12    XL:     4   Next: 10%
Magic:  8/8        EV: 12    Int: 19    God:
Gold:   80         SH:  0    Dex: 12    Spells: 5/8 levels left

rFire   . . .      SeeInvis +   a - +4 sling (freeze)
rCold   . . .      Faith    .   (no shield)
rNeg    . . .      Spirit   .   d - +0 robe
rPois   .          Reflect  .   (helmet unavailable)
rElec   .          Harm     .   (no cloak)
rCorr   .          Rampage  .   (no gloves)
Will    .....                   (no boots)
Stlth   ++........              (no amulet)
HPRegen 0.10/turn               (no ring)
MPRegen 0.11/turn               (no ring)

@: no status effects
A: permanent stasis, dig shafts and tunnels, antennae 3, four strong arms
a: Dig, Shaft Self


You were on level 2 of the Dungeon.
You visited 1 branch of the dungeon, and saw 2 of its levels.

You collected 80 gold pieces.

Inventory:

Hand Weapons
 a - a +4 sling of freezing (weapon)
 b - a +0 long sword
Missiles
 i - 16 stones
Armour
 d - a +0 robe (worn)
 j - a +0 tower shield
Jewellery
 e - a ring of fire
Scrolls
 f - a scroll of teleportation {unknown}
 h - a scroll of summoning {unknown}
 l - a scroll of noise {unknown}
 m - a scroll of enchant weapon {unknown}
Potions
 c - a potion of magic
 g - a potion of berserk rage {unknown}
 k - 2 potions of curing {unknown}


   Skills:
 * Level 1.5 Fighting
 * Level 1.5 Armour
 - Level 2.0 Dodging
 - Level 2.4 Stealth
 * Level 2.7 Spellcasting
 * Level 3.9 Conjurations


You had 5 spell levels left.
You knew the following spells:

 Your Spells              Type           Power      Damage    Failure   Level
a - Searing Ray           Conj           34%        2d5       4%          2
c - Magic Dart            Conj           68%        1d6       3%          1

Your spell library contained the following spells:

 Spells                   Type           Power      Damage    Failure   Level
 Dazzling Flash           Conj/Hex       20%        N/A       21%         3
 Fulminant Prism          Conj/Hex       5%         3d7       56%         4
 Iskenderun's Mystic Bla  Conj/Tloc      10%        2d4       56%         4


Dungeon Overview and Level Annotations

Branches:
Dungeon (2/15)

Altars:


Innate Abilities, Weirdness & Mutations

You cannot be hasted, slowed, berserked, paralysed or teleported.
You can dig through walls and to a lower floor.
You have a pair of large antennae on your head. (SInv)
Your four strong arms can wield two-handed weapons with a shield.


Message History

t - Shout!
Orders for allies: a - Attack new target. r - Retreat! s - Stop attacking. g - Guard the area. f - Follow me.
Anything else - Cancel.
You shout for attention!
The gnoll closely misses you. What are your orders? t - Shout!
Orders for allies: a - Attack new target. r - Retreat! s - Stop attacking. g - Guard the area. f - Follow me.
Anything else - Cancel.
You shout for attention!
The gnoll closely misses you. What are your orders? t - Shout!
Orders for allies: a - Attack new target. r - Retreat! s - Stop attacking. g - Guard the area. f - Follow me.
Anything else - Cancel.
You shout for attention!
The gnoll hits you from afar with a +0 spear.
What are your orders? t - Shout!
Orders for allies: a - Attack new target. r - Retreat! s - Stop attacking. g - Guard the area. f - Follow me.
Anything else - Cancel.
You shout for attention!
The gnoll hits you from afar with a +0 spear.
What are your orders? t - Shout!
Orders for allies: a - Attack new target. r - Retreat! s - Stop attacking. g - Guard the area. f - Follow me.
Anything else - Cancel.
You shout for attention!
The gnoll hits you from afar with a +0 spear.
You die...

#.... ## # #...# #.
#. #...# #. #.#
#...# #. #.$## #...#
#.
#..#####...########.
#................#.
##.........).......
#.@.g............#.
#..###.#...#.######.
...#. #.#...#.# #)
#... ..
#.#...#.######. #..
.## #<......#......
#. ..
#.#.....#.####. . ..
#.............. ...
#.#..........##
#.###..##....##


You could see a gnoll.

Vanquished Creatures
  2 gnolls (D:2)
  A worm (D:2)
  A dart slug (D:2)
  4 ball pythons (D:1)
  2 endoplasms
  A giant cockroach (D:2)
  3 goblins
  4 jackals (D:1)
  4 kobolds
  A quokka (D:1)
  A bat (D:1)
  2 frilled lizards (D:1)
  2 rats (D:1)
28 creatures vanquished.

Vanquished Creatures (others)
  2 fungi (D:2)
  8 plants (D:2)
10 creatures vanquished.

Grand Total: 38 creatures vanquished

Notes
Turn   | Place    | Note
-------+----------+-------------------------------------------
     0 | D:1      | DildoBatman the Formicid Conjurer began the quest for the
                  | Orb.
     0 | D:1      | Reached XP level 1. HP: 13/13 MP: 3/3
    64 | D:1      | Reached XP level 2. HP: 7/20 MP: 5/5
    98 | D:1      | Learned a level 2 spell: Searing Ray
   250 | D:1      | Reached skill level 1 in Fighting
   259 | D:1      | Reached skill level 1 in Armour
   259 | D:1      | Reached XP level 3. HP: 22/26 MP: 6/6
   865 | D:2      | Reached XP level 4. HP: 32/32 MP: 8/8
   890 | D:2      | Slain by a gnoll

Illustrated notes

Levels and vault maps discovered:
D:1:      roderic_dead_forest, layout_basic
D:2:      layout_loops_cross, shapermc_ecumenical_altar_mp_urbaneastern,
          minmay_goblin_outpost

Skill      XL: |  1  2 |
---------------+-------+-----
Dodging        | 2 |  2.0
Fighting       | 1 |  1.5
Armour         | 1 |  1.5
Stealth        | |  2.4
Spellcasting   | |  2.7
Conjurations   | |  3.9

Action                   |  1- 3 |  4- 6 || total
-------------------------+-------+-------++-------
 Fire: Sling             |    52 |       ||    52
 Cast: Magic Dart        |     2 |       ||     2
       Searing Ray       |     2 |       ||     2
Armor: Robe              |     5 |       ||     5
Dodge: Dodged            |    22 |     9 ||    31
